 Dungeon Crawl Stone Soup version 0.26.0-15-gc6cd9f700b (webtiles) character file.

Game seed: 2184654749895961951

1468 teolandon225 the Cleaver (level 8, -1/71 HPs)
             Began as a Hill Orc Monk on Jan 15, 2021.
             Was a Believer of Beogh.
             Slain by an orc warrior
             ... wielding a +0 dire flail
              (11 damage)
             ... on level 6 of the Dungeon on Jan 16, 2021.
             The game lasted 00:11:54 (8784 turns).

teolandon225 the Cleaver (Hill Orc Monk)            Turns: 8784, Time: 00:11:54

Health: -1/71      AC:  9    Str: 16    XL:     8   Next: 77%
Magic:  17/17      EV: 13    Int: 10    God:    Beogh [**....]
Gold:   265        SH:  0    Dex: 13    Spells: 7/7 levels left

rFire    . . .     SeeInvis .   a - +1 hand axe
rCold    . . .     Faith    .   (no shield)
rNeg     . . .     Spirit   .   q - +3 ring mail
rPois    .         Reflect  .   (no helmet)
rElec    .         Harm     .   (no cloak)
rCorr    +         Rampage  .   (no gloves)
Will     .....                  (no boots)
Stlth    +.........             (no amulet)
HPRegen  0.21/turn              l - ring of magical power
MPRegen  0.15/turn              d - ring of resist corrosion

@: no status effects
A: no striking features
a: Renounce Religion, Smiting


You were on level 6 of the Dungeon.
You worshipped Beogh.
Beogh was pleased with you.
You visited 1 branch of the dungeon, and saw 6 of its levels.

You collected 265 gold pieces.

Inventory:

Hand Weapons
 a - a +1 hand axe (weapon)
 t - a +0 war axe
Armour
 b - a +0 robe
 j - a +0 scale mail
 q - a +3 ring mail (worn)
 s - a +0 plate armour
Jewellery
 c - an uncursed ring of wizardry
 d - a ring of resist corrosion (right hand)
 l - a ring of magical power (left hand)
Wands
 z - a wand of digging (5)
Scrolls
 e - 7 scrolls of identify
 g - a scroll of blinking {unknown}
 p - 7 scrolls of remove curse
 r - a scroll of immolation {unknown}
 v - a scroll of magic mapping {unknown}
 x - a scroll of fear {unknown}
 y - a scroll of enchant weapon
 A - a scroll of teleportation
Potions
 f - a potion of flight
 h - a potion of cancellation {unknown}
 i - 2 potions of attraction
 k - a potion of brilliance
 n - 2 potions of heal wounds {unknown}
 o - a potion of resistance {unknown}
 u - a potion of degeneration {unknown}
 w - a potion of curing {unknown}


   Skills:
 + Level 6.7 Fighting
 * Level 9.6 Axes
 + Level 4.9 Armour
 + Level 4.6 Dodging
 - Level 1.5 Stealth


You had 7 spell levels left.
You didn't know any spells.
Your spell library contained the following spells:

 Spells                   Type           Power        Failure   Level
 Confusing Touch          Hex            0%           90%         3
 Gell's Gravitas          Tloc           0%           90%         3
 Petrify                  Tmut/Erth      0%           100%        4
 Metabolic Englaciation   Hex/Ice        0%           100%        5
 Yara's Violent Unravell  Hex/Tmut       0%           100%        5


Dungeon Overview and Level Annotations

Branches:
Dungeon (6/15)             Temple (0/1) D:4

Altars:
Cheibriados
Fedhas
Sif Muna
Wu Jian
Zin

Annotations:
D:3 exclusion: downstairs
D:4 exclusion: downstairs


Message History

You closely miss the orc warrior.
The orc warrior is almost dead.
You hit the orc warrior.
The orc warrior is almost dead.
The orc warrior misses you.
You hit the orc warrior but do no damage.
The orc warrior is almost dead.
The orc warrior barely misses you.
You barely miss the orc warrior.
The orc warrior is almost dead.
The orc warrior hits you with a +0 dire flail!
* * * LOW HITPOINT WARNING * * *
Okay, then.
An ogre comes into view. It is wielding a +0 giant club.
The ogre shouts!
You see here a great sword.
The ogre misses you.
The orc warrior hits you with a +0 dire flail!
You die...
Beogh appreciates the orc warrior's killing of a heretic priest.

#≈≈≈###...O......#
#8.8.8........###
+..........#....#
#8.8.8.....#.#..#
#≈≈≈###.....#..#.## .
#......##.....#
##........).#..#
##.............## ##
##..........@#.##
.####..........Oo#..#
##..#............#..##
##..#.......##.......#
....#.......###...#..#
....#.......# #####.##
...##.......##### ##
[...[#..........#
................#


You could see an orc warrior and an ogre.

Vanquished Creatures
  Sigmund (D:2)
  2 sky beasts (D:5)
  3 ogres
  2 centaurs (D:5)
  A bullfrog (D:2)
  2 jellies (D:5)
  An orc priest (D:6)
  5 orc wizards
  2 centaur skeletons
  4 worker ants
  A hound skeleton (D:6)
  7 adders
  7 gnolls
  A white imp (D:5)
  An ooze (D:1)
  4 adder skeletons
  3 worms
  4 dart slugs
  3 leopard geckos
  15 orcs
  7 bats
  5 giant cockroaches
  9 goblins
  9 hobgoblins
  4 jackals
  A ball python (D:3)
  A ball python skeleton (D:4)
  8 frilled lizards
  6 kobolds
  A quokka skeleton (D:4)
  4 rats (D:3)
124 creatures vanquished.

Vanquished Creatures (others)
  An adder (D:4)
  A giant cockroach (D:4)
  A bat (D:1)
3 creatures vanquished.

Grand Total: 127 creatures vanquished

Notes
Turn   | Place    | Note
-------+----------+-------------------------------------------
     0 | D:1      | teolandon225 the Hill Orc Monk began the quest for the Orb.
     0 | D:1      | Reached XP level 1. HP: 19/19 MP: 1/1
   501 | D:1      | Reached XP level 2. HP: 15/27 MP: 2/2
   891 | D:1      | Reached skill level 1 in Armour
  1092 | D:1      | Reached XP level 3. HP: 33/33 MP: 3/3
  1576 | D:2      | Reached skill level 5 in Axes
  1747 | D:2      | Reached XP level 4. HP: 40/40 MP: 4/4
  1931 | D:2      | Found an ornate altar of the Wu Jian Council.
  2137 | D:2      | Found a snail-covered altar of Cheibriados.
  2584 | D:2      | Noticed Sigmund
  2596 | D:2      | Killed Sigmund
  2597 | D:2      | Reached skill level 6 in Axes
  2597 | D:2      | Reached XP level 5. HP: 47/47 MP: 5/5
  2597 | D:2      | Reached XP level 6. HP: 55/55 MP: 6/6
  2721 | D:2      | Reached skill level 5 in Fighting
  3630 | D:3      | Found a glowing silver altar of Zin.
  3860 | D:3      | Reached skill level 7 in Axes
  3923 | D:3      | Reached XP level 7. HP: 48/61 MP: 7/7
  4107 | D:3      | Found a shimmering blue altar of Sif Muna.
  4619 | D:4      | Became a worshipper of Beogh the Brigand
  4619 | D:4      | Reached * piety under Beogh
  4619 | D:4      | Reached ** piety under Beogh
  4679 | D:4      | Found a staircase to the Ecumenical Temple.
  6043 | D:4      | Reached skill level 8 in Axes
  6081 | D:5      | Entered Level 5 of the Dungeon
  6321 | D:5      | Reached XP level 8. HP: 64/70 MP: 8/8
  7079 | D:5      | Found a blossoming altar of Fedhas.
  7190 | D:5      | Reached skill level 9 in Axes
  8784 | D:6      | Slain by an orc warrior

Illustrated notes

Levels and vault maps discovered:
D:1:      elethiomel_arrival_shortcut, layout_loops_ring, minmay_3d_cube
D:2:      layout_loops_ring, general_overflow_altar,
          pdpol_wu_jian_five_deadly_venoms, uniq_sigmund
D:3:      layout_basic, lemuel_crystal_altar, lemuel_doored_altar
D:4:      layout_cave_pools, minmay_temple_entry_large_hall, st_stairs_6
D:5:      layout_loops_ring, lemuel_coloured_pillars_altar,
          nicolae_overflow_hidden_temple
D:6:      kennysheep_orc_sif_temple, layout_cave_pools, minmay_misc_feat_square

Skill      XL: |  1  2  3  4  5  6  7  8 |
---------------+-------------------------+-----
Armour         | 1 2 3 4 |  4.9
Fighting       | 4 5 6 |  6.7
Axes           | 5 6 7 8 9 |  9.6
Dodging        | 3 4 |  4.6
Stealth        | |  1.5

Action                   |  1- 3 |  4- 6 |  7- 9 || total
-------------------------+-------+-------+-------++-------
Melee: Hand axe          |    99 |   161 |   289 ||   549
Invok: Convert to Beogh  |       |       |     1 ||     1
  Use: Scroll            |     4 |       |       ||     4
       Potion            |       |     1 |     6 ||     7
 Stab: Sleeping          |       |     1 |       ||     1
Armor: Robe              |     2 |       |       ||     2
       Scale mail        |    32 |    12 |       ||    44
       Ring mail         |       |    29 |    87 ||   116
Dodge: Dodged            |    56 |    92 |   170 ||   318
